 Dungeon Crawl Stone Soup version 0.31.0-12-g77e489cdc1 (webtiles) character file.

Game seed: 18396408199834288356

209598 Gadfly the Markskobold (level 19, -1/128 HPs)
             Began as a Kobold Hunter on Feb 14, 2024.
             Was the Champion of Okawaru.
             Slain by a nagaraja
             ... wielding a +0 spear
              (10 damage)
             ... on level 4 of the Snake Pit.
             The game lasted 01:39:41 (38310 turns).

Gadfly the Markskobold (Kobold Hunter)             Turns: 38310, Time: 01:39:42

Health: -1/128     AC: 17    Str: 11    XL:     19   Next: 54%
Magic:  31/31      EV: 35    Int: 11    God:    Okawaru [******]
Gold:   2743       SH:  0    Dex: 31    Spells: 15/18 levels left

rFire   . . .        a - +2 orcbow (elec)
rCold   x . .        (shield currently unavailable)
rNeg    . . .        S - +4 ring mail of Insatiable Hunger {rElec rPois Will- Str+2}
rPois   +            h - +1 helmet "Tucwiang" {rC- Regen+ SInv}
rElec   +            I - +1 cloak of Starlight {*Dazzle EV+4 Stlth--}
rCorr   .            g - +0 pair of gloves
SInv    +            R - +2 pair of boots {rampage}
Will    +....        t - amulet of regeneration
Stlth   +            v - ring of willpower
HPRegen 2.01/turn    w - +6 ring of dexterity
MPRegen 0.22/turn

%: rampage
@: weakened, untranslocatable, slowed, very slow
A: small, no large weapons, nightstalker 3, passive freeze, sense surroundings 1
}: 1/15 runes: barnacled
a: Renounce Religion, Heroism, Finesse, Duel


You were on level 4 of the Snake Pit.
You worshipped Okawaru.
Okawaru was exalted by your worship.
You visited 5 branches of the dungeon, and saw 30 of its levels.
You also visited: Sewer and Volcano.

You collected 4116 gold pieces.
You spent 1373 gold pieces at shops.

Inventory:

Hand Weapons
 a - a +2 orcbow of electrocution (weapon)
 b - the +4 arbalest "Teemiven" {speed, rPois rN+ Will- Int+3}
   (Okawaru gifted it to you on level 1 of the Lair of Beasts)

   Int+3:     It affects your intelligence (+3).
   rPois:     It protects you from poison rN+: It protects you from negative
   energy.
   Will-:     It decreases your willpower.
 i - a +2 scimitar of flaming
Armour
 g - a +0 pair of gloves (worn)
 h - the +1 helmet "Tucwiang" (worn) {rC- Regen+ SInv}
   (You bought it in a shop on level 2 of the Orcish Mines)

   rC-:       It makes you vulnerable to cold.
   SInv:      It lets you see invisible.
   Regen+:    It increases your rate of health regeneration.
 E - +0 steam dragon scales
 I - the +1 cloak of Starlight (worn) {*Dazzle EV+4 Stlth--}
   (Okawaru gifted it to you on level 11 of the Dungeon)

   *Dazzle:   It may blind those who miss an attack against the wearer in melee
   combat.
   EV+4:      It affects your evasion (+4).
   Stlth--:   It makes you much less stealthy.
 J - the +3 salamander hide armour {Flames, rFlCloud rF++ rC--}
   (You found it on level 4 of the Shoals)

   Flames:    It surrounds you with flame clouds and enhances your fire magic.
   rFlCloud:  It grants immunity to flame clouds.
   rF++:      It greatly protects you from fire.
   rC--:      It makes you very vulnerable to cold.
 R - a +2 pair of boots of rampaging (worn)
 S - the +4 ring mail of Insatiable Hunger (worn) {rElec rPois Will- Str+2}
   (You bought it in a shop on level 2 of the Orcish Mines)

   Str+2:     It affects your strength (+2).
   rElec:     It insulates you from electricity.
   rPois:     It protects you from poison Will-: It decreases your willpower.
 U - a +2 robe of resistance
Jewellery
 e - a ring of ice
 t - an amulet of regeneration (around neck)
 v - a ring of willpower (left hand)
 w - a +6 ring of dexterity (right hand)
 G - a ring of resist corrosion
Wands
 o - a wand of flame (47)
 s - a wand of roots (29)
 u - a wand of polymorph (2)
 H - a wand of light (11)
 N - a wand of paralysis (11)
 Q - a wand of mindburst (28)
Scrolls
 c - 9 scrolls of teleportation
 f - 7 scrolls of fog
 x - 2 scrolls of blinking
 y - 7 scrolls of revelation
 z - 3 scrolls of enchant armour
 F - 5 scrolls of vulnerability
 L - a scroll of enchant weapon
 O - 3 scrolls of poison
 P - 3 scrolls of fear
 T - a scroll of immolation
Potions
 d - a potion of attraction
 j - 3 potions of might
 k - 3 potions of heal wounds
 l - a potion of cancellation
 m - 7 potions of lignification
 n - 4 potions of mutation
 p - 5 potions of haste
 q - 5 potions of enlightenment
 r - 2 potions of resistance
 A - 6 potions of curing
 D - 2 potions of berserk rage
 M - a potion of ambrosia
Miscellaneous
 C - a phial of floods
 K - a lightning rod (4/4)


   Skills:
 + Level 17.1 Fighting
 + Level 19.4 Ranged Weapons
 + Level 17.7 Dodging
 - Level 1.3 Stealth
 + Level 17.1 Invocations
 + Level 18.1 Evocations


You had 15 spell levels left.
You knew the following spells:

 Your Spells              Type           Power      Damage    Failure   Level
a - Passwall              Erth           0%         N/A       95%         3

Your spell library contained the following spells:

 Spells                   Type           Power      Damage    Failure   Level
 Freeze                   Ice            0%         1d3       65%         1
 Kiss of Death            Conj/Necr      0%         2d5       65%         1
 Sting                    Conj/Alch      0%         1d3       65%         1
 Ensorcelled Hibernation  Hex/Ice        0%         N/A       78%         2
 Lesser Beckoning         Tloc           0%         N/A       78%         2
 Mercury Vapours          Alch/Air       0%         N/A       78%         2
 Scorch                   Fire           0%         2d5       78%         2
 Static Discharge         Conj/Air       0%         3-3/arc   78%         2
 Confusing Touch          Hex            0%         N/A       95%         3
 Gell's Gravitas          Tloc           0%         N/A       95%         3
 Inner Flame              Hex/Fire       0%         N/A       95%         3
 Mephitic Cloud           Conj/Alch/Air  0%         N/A       95%         3
 Swiftness                Air            0%         N/A       95%         3
 Teleport Other           Tloc           0%         N/A       95%         3
 Airstrike                Air            0%         2d(0-16)  100%        4
 Brom's Barrelling Bould  Conj/Erth      0%         2d3       100%        4
 Cause Fear               Hex            0%         N/A       100%        4
 Dispel Undead            Necr           0%         3d6       100%        4
 Flame Wave               Conj/Fire      0%         2d4       100%        4
 Olgreb's Toxic Radiance  Alch           0%         N/A       100%        4
 Borgnjor's Vile Clutch   Necr/Erth      0%         N/A       100%        5
 Fireball                 Conj/Fire      0%         3d3       100%        5
 Freezing Cloud           Conj/Ice/Air   0%         6-21      100%        5
 Irradiate                Conj/Alch      0%         3d11      100%        5
 Lee's Rapid Deconstruct  Erth           0%         3d4*      100%        5
 Ignition                 Fire           0%         3d3       100%        8
 Animate Dead             Necr           Unusable   N/A       N/A         4
 Summon Lightning Spire   Summ/Air       Unusable   N/A       N/A         4
 Death Channel            Necr           Unusable   N/A       N/A         6
 Summon Cactus Giant      Summ           Unusable   N/A       N/A         6
 Dragon's Call            Summ           Unusable   N/A       N/A         9

Dungeon Overview and Level Annotations

Branches:
Dungeon (15/15)            Temple (0/1) D:5            Lair (5/5) D:8
 Shoals (4/4) Lair:3        Snake (4/4) Lair:2        Slime (0/5) Lair:4
    Orc (2/2) D:12            Elf (0/3) Orc:2        Vaults (0/5) D:13
 Depths (0/4) D:15          Sewer (visited)         Volcano (visited)

Altars:
Cheibriados
Elyvilon
Gozag
Kikubaaqudgha
Okawaru
Qazlal
Ru
Uskayaw
Vehumet
Wu Jian
Xom
Zin
The Shining One
Lugonu

Shops:
D:2 !   D:4 *   D:6 (   Orc:2 !*[[?*   Snake:1 *

Portals:
Abyss: Shoals:3


Innate Abilities, Weirdness & Mutations

You are small and have problems with some larger weapons.
You are completely attuned to the shadows.
A frigid envelope surrounds you and freezes all who hurt you.
You passively map a small area around you.


Message History

The nagaraja hits you with a +0 spear.
The nagaraja is very cold.
The nagaraja is lightly wounded.
The nagaraja misses you.
The salamander mystic hits you with a +0 quarterstaff.
You are engulfed in flames!
The salamander mystic is frozen!
The salamander mystic is very cold.
The salamander mystic is moderately wounded.
The salamander completely misses you.
The nagaraja mumbles some strange words.
The nagaraja seems to speed up.
The guardian serpent completely misses you.
Things that are here:
a +0 club; a +0 robe You shoot an arrow.
The arrow hits the guardian serpent!!
The guardian serpent is severely wounded.
The nagaraja hits you from afar with a +0 spear.
The guardian serpent casts a spell at you.
The bolt of poison misses you.
The salamander hits you from afar with a +4 trident!
You are engulfed in flames!
* * * LOW HITPOINT WARNING * * *
The nagaraja hits you from afar with a +0 spear.
* * * LOW HITPOINT WARNING * * *
The guardian serpent coils itself and waves its upper body at you.
You easily resist.
The salamander completely misses you.
You shoot an arrow. The arrow hits the guardian serpent.
The guardian serpent is severely wounded.
The nagaraja spits poison at you. The splash of poison hits you. You resist.
* * * LOW HITPOINT WARNING * * *
The guardian serpent coils itself and waves its upper body at you.
The bolt of poison misses you.
The nagaraja hits you from afar with a +0 spear!!
* * * LOW HITPOINT WARNING * * *
The salamander completely misses you.
You shoot an arrow. The arrow hits the salamander mystic!
The salamander mystic is heavily wounded.
The guardian serpent is no longer blind.
The nagaraja hits you from afar with a +0 spear!
You die...

,, , , ,, , , , ,
..... , , ,,,..))...#
.......##. .....##. *
,.........###,..###≈≈N
,...........N#.#.....N
#...N)).).)N)........
#..SNN..............
###@##.#.........###
### ####...####
#####†.####*
#.)))...... ,
#..)))...[#
##.)####....
###..######.#.
#...?##...##.
#...##.....##


You could see a nagaraja (fast), a salamander mystic (blind, unable to see you),
a salamander and a guardian serpent.

Vanquished Creatures
  A kraken (Shoals:3)
  Frances (D:13)
  Polyphemus (Shoals:3)
  Ilsuiw (Shoals:3)
  Donald (Shoals:3)
  6 nagarajas
  The ghost of mrw3rdna the Hermetic, an adept SpAl of Wu Jian (Snake:1)
  An angel (Shoals:4)
  A formless jellyfish (Shoals:4)
  A stone giant (D:15)
  Nessos (Orc:2)
  A red draconian (Volcano)
  The ghost of middlethird the Spear-Bearer, a journeyman VSCj of the Shining One (Shoals:3)
  6 merfolk javelineers (Shoals:4)
  A fire dragon (D:15)
  13 merfolk impalers
  A salamander tyrant (Snake:4)
  8 vault guards (D:13)
  3 hydras
  The ghost of Gadfly the Martial Artist, a journeyman DsMo of Ru (D:10)
  11 anacondas
  6 merfolk avatars
  2 catoblepae
  6 centaur warriors
  An ice dragon (Lair:5)
  3 boulder beetles
  5 tengu warriors
  10 death yaks
  5 merfolk aquamancers (Shoals:4)
  2 alligator snapping turtles (Shoals:3)
  9 naga warriors
  13 naga sharpshooters
  4 orc high priests
  4 shock serpents
  A thrashing horror (Shoals:3)
  7 skysharks
  9 skeletal warriors
  3 salamander mystics
  12 sea snakes
  2 cherubim (Shoals:4)
  6 mana vipers
  6 orc knights
  2 lindwurms (Lair:3)
  A swamp dragon (Lair:5)
  2 naga ritualists
  5 fauns
  2 deep elf pyromancers (D:14)
  Pikel (D:6)
  19 harpies
  6 orc sorcerers
  A shining eye (Shoals:3)
  7 ugly things
  9 manticores
  3 meliai
  7 cyclopes
  4 kobold blastminers (Orc:2)
  8 salamanders
  A meliai (shapeshifter) (D:14)
  2 water nymphs (Shoals:4)
  6 merfolk sirens
  8 elephants
  4 apocalypse crabs (Shoals:3)
  25 black mambas
  6 guardian serpents
  12 naga magi
  10 cane toads
  An efreet (D:14)
  4 rime drakes
  A gargoyle (D:11)
  An unseen horror (D:11)
  2 tengu conjurers
  12 komodo dragons
  4 trolls
  A freezing wraith (D:13)
  3 polar bears
  A queen bee (shapeshifter) (D:14)
  26 merfolk
  3 wind drakes
  6 snapping turtles
  Grinder (D:5)
  8 blink frogs
  14 dream sheep
  9 slime creatures
  6 water elementals
  A shadow (D:10)
  5 wraiths
  5 wyverns
  Sigmund (D:5)
  68 yaks
  Eustachio (D:5)
  Grum (D:11)
  4 wargs
  2 basilisks
  5 steam dragons
  A chaos spawn (Shoals:3)
  A merfolk zombie (Shoals:3)
  2 acid dragons (Lair:5)
  Edmund (D:4)
  37 nagas
  14 water moccasins
  21 orc warriors
  2 sky beasts (D:7)
  5 black bears
  2 swamp drakes (Lair:5)
  2 ice beasts (D:7)
  8 ogres
  10 centaurs
  32 wolves
  3 kobold brigands
  3 phantoms (D:6)
  A lemure (D:6)
  19 bullfrogs
  Blork the orc (D:4)
  3 scorpions
  6 wights
  10 killer bees
  9 howler monkeys
  A bombardier beetle (D:3)
  4 hounds
  4 jellies
  16 orc priests
  7 iguanas
  2 sleepcaps
  20 orc wizards
  11 adders
  3 river rats (D:6)
  A shadow imp (D:7)
  2 white imps
  2 ufetubi (D:5)
  3 ribbon worms
  10 dart slugs
  68 orcs
  4 bats
  8 endoplasms
  13 giant cockroaches
  8 goblins
  8 hobgoblins
  3 jackals (D:4)
  5 quokkas
  18 ball pythons
  10 frilled lizards
  10 kobolds
  5 rats
  2 tentacles (Shoals:3)
966 creatures vanquished.

Vanquished Creatures (others)
  A merfolk aquamancer (Shoals:4)
  A death yak (Shoals:3)
  A salamander (Snake:1)
  A merfolk siren (Shoals:4)
  An orc priest (D:7)
  3 tentacles (Shoals:3)
8 creatures vanquished.

Grand Total: 974 creatures vanquished

Notes
Turn   | Place    | Note
-------+----------+-------------------------------------------
     0 | D:1      | Gadfly the Kobold Hunter began the quest for the Orb.
     0 | D:1      | Reached XP level 1. HP: 12/12 MP: 1/1
   166 | D:1      | Reached XP level 2. HP: 16/18 MP: 2/2
   361 | D:1      | Reached skill level 1 in Invocations
   371 | D:1      | Reached skill level 1 in Evocations
   620 | D:2      | Reached XP level 3. HP: 22/22 MP: 2/4
   961 | D:2      | Found Sail's Distillery.
  1087 | D:2      | Reached XP level 4. HP: 27/27 MP: 5/5
  1865 | D:3      | Reached XP level 5. HP: 32/32 MP: 6/6
  2247 | D:3      | Found an opulent altar of Gozag.
  2251 | D:3      | Found an ancient bone altar of Kikubaaqudgha.
  2254 | D:3      | Found a stormy altar of Qazlal.
  2255 | D:3      | Found a sacrificial altar of Ru.
  2256 | D:3      | Found a hide-covered altar of Uskayaw.
  2256 | D:3      | Found an ornate altar of the Wu Jian Council.
  2256 | D:3      | Found an iron altar of Okawaru.
  2257 | D:3      | Found a radiant altar of Vehumet.
  2258 | D:3      | Found a snail-covered altar of Cheibriados.
  2262 | D:3      | Became a worshipper of Warmaster Okawaru
  2539 | D:2      | Bought a potion of lignification for 39 gold pieces
  2539 | D:2      | Bought a potion of mutation for 104 gold pieces
  2628 | D:4      | Reached XP level 6. HP: 30/37 MP: 8/8
  2640 | D:4      | Reached skill level 6 in Ranged Weapons
  2887 | D:4      | Noticed Edmund
  2895 | D:4      | Killed Edmund
  2896 | D:4      | Reached XP level 7. HP: 31/41 MP: 9/9
  3200 | D:4      | Found Gial's Assorted Antiques.
  3205 | D:4      | Bought a fuming clear potion for 16 gold pieces
  3205 | D:4      | Bought a scroll of identify for 36 gold pieces
  3297 | D:4      | Reached * piety under Okawaru
  3419 | D:4      | Noticed Blork the orc
  3424 | D:4      | Killed Blork the orc
  3471 | D:4      | Found a white marble altar of Elyvilon.
  3578 | D:5      | Entered Level 5 of the Dungeon
  3608 | D:5      | Noticed Grinder
  3632 | D:5      | Killed Grinder
  3633 | D:5      | Reached XP level 8. HP: 8/48 MP: 11/11
  3896 | D:5      | Found a staircase to the Ecumenical Temple.
  3988 | D:5      | Noticed a yak
  3999 | D:5      | HP: 2/48 [yak (7)]
  4001 | D:5      | Killed a yak
  4002 | D:5      | Reached skill level 5 in Invocations
  4002 | D:5      | Reached skill level 5 in Evocations
  4525 | D:5      | Reached skill level 7 in Ranged Weapons
  4581 | D:5      | Noticed Eustachio
  4600 | D:5      | Reached skill level 5 in Dodging
  4605 | D:5      | Killed Eustachio
  4605 | D:5      | Reached ** piety under Okawaru
  4606 | D:5      | Reached skill level 5 in Fighting
  4736 | D:5      | Noticed Sigmund
  4745 | D:5      | Killed Sigmund
  4989 | D:6      | Noticed Pikel
  5067 | D:6      | Reached XP level 9. HP: 37/54 MP: 13/13
  5198 | D:6      | Found a glowing drain.
  5202 | Sewer    | Entered a sewer
  5515 | Sewer    | Got Adougu's Octavo of the Petrified Deep Freeze
  5694 | D:6      | Killed Pikel
  5694 | D:6      | Reached *** piety under Okawaru
  5820 | D:6      | Reached skill level 8 in Ranged Weapons
  5995 | D:6      | Found Emelubes's Weapon Shoppe.
  6158 | D:6      | Found a shimmering altar of Xom.
  6511 | D:6      | Reached **** piety under Okawaru
  6678 | D:6      | Learned a level 3 spell: Passwall
  6718 | D:7      | Reached XP level 10. HP: 58/61 MP: 15/15
  7399 | D:7      | Reached skill level 9 in Ranged Weapons
  7646 | D:7      | Reached ***** piety under Okawaru
  8565 | D:8      | Reached XP level 11. HP: 59/68 MP: 17/17
  8620 | D:8      | Received a gift from Okawaru
  8645 | D:8      | Found a staircase to the Lair.
  9635 | D:9      | Reached skill level 10 in Ranged Weapons
 10146 | D:9      | Identified a scroll of acquirement
 10146 | D:9      | Acquired 867 gold pieces
 10723 | D:10     | Entered Level 10 of the Dungeon
 11310 | D:10     | Received a gift from Okawaru
 11779 | D:10     | Found a runed translucent door.
 11782 | D:10     | Noticed Gadfly's ghost (journeyman DsMo)
 12032 | D:11     | Noticed a boulder beetle
 12034 | D:11     | Reached skill level 10 in Fighting
 12054 | D:11     | Killed a boulder beetle
 12113 | D:11     | Reached skill level 11 in Ranged Weapons
 12113 | D:11     | Reached XP level 12. HP: 70/77 MP: 18/18
 12433 | D:11     | Received a gift from Okawaru
 12433 | D:11     | Reached ****** piety under Okawaru
 12434 | D:11     | Reached skill level 10 in Dodging
 12437 | D:11     | Acquired the +1 cloak of Starlight {*Dazzle EV+4 Stlth--}
 12437 | D:11     | Received a gift from Okawaru
 12437 | D:11     | Found the +1 cloak of Starlight {*Dazzle EV+4 Stlth--}
 12653 | D:11     | Noticed Grum
 12656 | D:11     | Killed Grum
 12901 | D:11     | Reached skill level 10 in Evocations
 13634 | D:10     | Killed Gadfly's ghost
 13634 | D:10     | Received a gift from Okawaru
 13635 | D:10     | Reached skill level 10 in Invocations
 14726 | D:12     | Noticed a boulder beetle
 14740 | D:12     | Killed a boulder beetle
 14904 | D:12     | Noticed a tengu warrior
 14921 | D:12     | Killed a tengu warrior
 14933 | D:12     | Received a gift from Okawaru
 15209 | D:12     | Found a staircase to the Orcish Mines.
 15252 | D:12     | Reached XP level 13. HP: 84/84 MP: 21/21
 15255 | D:12     | Reached skill level 12 in Ranged Weapons
 15414 | Lair:1   | Entered Level 1 of the Lair of Beasts
 16300 | Lair:1   | Found a glowing silver altar of Zin.
 16356 | Lair:1   | Acquired the +4 arbalest "Teemiven" {speed, rPois rN+ Will-
                  | Int+3}
 16356 | Lair:1   | Received a gift from Okawaru
 16710 | Lair:2   | Received a gift from Okawaru
 16812 | Lair:2   | Found a dark tunnel.
 16827 | Volcano  | Entered a volcano
 17061 | Volcano  | Noticed a red draconian
 17076 | Volcano  | Killed a red draconian
 17316 | Volcano  | Received a gift from Okawaru
 17317 | Volcano  | Reached skill level 13 in Ranged Weapons
 17728 | Lair:2   | Noticed an eight-headed hydra
 17734 | Lair:2   | Killed an eight-headed hydra
 17957 | Lair:2   | Found a staircase to the Snake Pit.
 18286 | Lair:3   | Reached XP level 14. HP: 92/92 MP: 23/23
 18547 | Lair:3   | Received a gift from Okawaru
 18627 | Lair:3   | Found a staircase to the Shoals.
 19331 | Lair:3   | Gained mutation: You occasionally lose the ability to drink
                  | potions when taking damage. [potion of mutation]
 19331 | Lair:3   | Gained mutation: You are strong-willed. (Will+) [potion of
                  | mutation]
 19332 | Lair:3   | Lost mutation: You occasionally lose the ability to drink
                  | potions when taking damage. [potion of mutation]
 19332 | Lair:3   | Lost mutation: You are strong-willed. (Will+) [potion of
                  | mutation]
 19332 | Lair:3   | Gained mutation: You have very sharp teeth. [potion of
                  | mutation]
 19332 | Lair:3   | Gained mutation: A frigid envelope surrounds you and
                  | freezes all who hurt you. [potion of mutation]
 19852 | Lair:4   | Received a gift from Okawaru
 20115 | Lair:4   | Found a staircase to the Slime Pits.
 20117 | Lair:4   | Reached skill level 14 in Ranged Weapons
 20474 | Lair:5   | Entered Level 5 of the Lair of Beasts
 21175 | Lair:5   | Received a gift from Okawaru
 21650 | Lair:5   | Reached XP level 15. HP: 93/98 MP: 21/24
 21695 | Lair:5   | Identified the +2 leather armour "Harefroy" {Str+4}
 22811 | Orc:1    | Entered Level 1 of the Orcish Mines
 23023 | D:12     | Received a gift from Okawaru
 23216 | Orc:1    | Found a radiant altar of Vehumet.
 23275 | Orc:2    | Entered Level 2 of the Orcish Mines
 23353 | Orc:2    | Found Jifrimn's CLEARANCE SALE!.
 23378 | Orc:2    | Bought a wand of light (4) for 84 gold pieces
 23378 | Orc:2    | Bought a scroll of revelation for 37 gold pieces
 23378 | Orc:2    | Bought a scroll of teleportation for 15 gold pieces
 23628 | Orc:2    | Reached skill level 15 in Ranged Weapons
 23878 | Orc:2    | Found Qillui Qomot's Magic Scroll Boutique.
 23878 | Orc:2    | Found Niasull's General Store.
 23889 | Orc:2    | Received a gift from Okawaru
 23894 | Orc:2    | Found Ariluttu's Armour Boutique.
 23894 | Orc:2    | Found Qiuw's Antique Armour Shoppe.
 23985 | Orc:2    | Bought a scroll of blinking for 112 gold pieces
 23985 | Orc:2    | Bought a scroll of enchant armour for 112 gold pieces
 24035 | Orc:2    | Noticed Nessos
 24037 | Orc:2    | Killed Nessos
 24050 | Orc:2    | Found Nuivech's Distillery.
 24144 | Orc:2    | Found a staircase to the Elven Halls.
 24333 | Orc:2    | Bought a pair of runed boots for 285 gold pieces
 24362 | Orc:2    | Bought the +1 helmet "Tucwiang" {rC- Regen+ SInv} for 191
                  | gold pieces
 24380 | Orc:2    | Bought a bloodstained ring mail for 342 gold pieces
 24380 | Orc:2    | Identified the +4 ring mail of Insatiable Hunger {rElec
                  | rPois Will- Str+2} (You bought it in a shop on level 2 of
                  | the Orcish Mines)
 25265 | D:13     | Noticed Frances
 25274 | D:13     | Killed Frances
 25358 | D:13     | Received a gift from Okawaru
 25404 | D:13     | Found a gate to the Vaults.
 26284 | D:13     | Received a gift from Okawaru
 26362 | D:14     | Reached XP level 16. HP: 91/106 MP: 19/26
 26835 | D:14     | Reached skill level 16 in Ranged Weapons
 26835 | D:14     | Reached skill level 15 in Evocations
 27474 | D:14     | Received a gift from Okawaru
 27711 | D:15     | Entered Level 15 of the Dungeon
 28821 | D:15     | Found a staircase to the Depths.
 29463 | Shoals:1 | Entered Level 1 of the Shoals
 29777 | Shoals:1 | Reached skill level 15 in Dodging
 29837 | Shoals:1 | Received a gift from Okawaru
 30615 | Shoals:2 | Received a gift from Okawaru
 30662 | Shoals:2 | Reached skill level 15 in Fighting
 30756 | Shoals:2 | Reached XP level 17. HP: 99/113 MP: 28/28
 30860 | Shoals:2 | Identified the +9 ring mail of the Unseen Realm {^Drain
                  | rPois Int+2}
 30873 | Shoals:2 | Reached skill level 15 in Invocations
 30941 | Shoals:2 | Reached skill level 17 in Ranged Weapons
 31244 | Shoals:2 | Identified the +3 flail of Bodily Humours {drain, Dex+2}
 31502 | Shoals:3 | Received a gift from Okawaru
 31600 | Shoals:3 | Noticed Ilsuiw
 31909 | Shoals:3 | Killed Ilsuiw
 32001 | Shoals:3 | Noticed Donald
 32012 | Shoals:3 | Killed Donald
 32153 | Shoals:3 | Noticed a kraken
 32166 | Shoals:3 | Killed a kraken
 32191 | Shoals:3 | Received a gift from Okawaru
 32295 | Shoals:3 | Found a runed translucent door.
 32665 | Shoals:3 | Noticed Polyphemus
 32694 | Shoals:3 | Killed Polyphemus
 32810 | Shoals:3 | Received a gift from Okawaru
 32822 | Shoals:3 | Found a runed translucent door.
 32825 | Shoals:3 | Found a corrupted altar of Lugonu.
 33052 | Shoals:3 | Gained mutation: You have hidden genetic defects. [a
                  | shining eye]
 33054 | Shoals:3 | Gained mutation: Your health recovers twice as slowly from
                  | being drained. [a shining eye]
 33056 | Shoals:3 | Lost mutation: You have very sharp teeth. [potion of
                  | mutation]
 33056 | Shoals:3 | Lost mutation: You have hidden genetic defects. [potion of
                  | mutation]
 33056 | Shoals:3 | Lost mutation: Your health recovers twice as slowly from
                  | being drained. [potion of mutation]
 33056 | Shoals:3 | Gained mutation: You passively map a small area around you.
                  | [potion of mutation]
 33059 | Shoals:3 | Found a one-way gate to the infinite horrors of the Abyss.
 33208 | Shoals:3 | Noticed middlethird's ghost (journeyman VSCj)
 33228 | Shoals:3 | Killed middlethird's ghost
 33354 | Shoals:4 | Entered Level 4 of the Shoals
 33482 | Shoals:4 | Found the +3 salamander hide armour {Flames, rFlCloud rF++
                  | rC--}
 33630 | Shoals:4 | Found a white marble altar of Elyvilon.
 33643 | Shoals:4 | Reached XP level 18. HP: 73/120 MP: 29/29
 33654 | Shoals:4 | Reached skill level 18 in Ranged Weapons
 33674 | Shoals:4 | Received a gift from Okawaru
 33757 | Shoals:4 | Got a barnacled rune of Zot
 34047 | Shoals:4 | Received a gift from Okawaru
 34102 | Shoals:4 | Found a glowing silver altar of Zin.
 34342 | Shoals:4 | Found a glowing golden altar of the Shining One.
 34525 | Snake:1  | Entered Level 1 of the Snake Pit
 35400 | Snake:1  | Found a runed translucent door.
 35481 | Snake:1  | Received a gift from Okawaru
 35613 | Snake:1  | Noticed mrw3rdna's ghost (adept SpAl)
 35828 | Snake:1  | Found Wnoah's Whimsical Warehouse.
 36023 | Snake:1  | Killed mrw3rdna's ghost
 36667 | Snake:2  | Received a gift from Okawaru
 36807 | Snake:2  | Reached XP level 19. HP: 117/127 MP: 31/31
 36978 | Snake:3  | Reached skill level 19 in Ranged Weapons
 37469 | Snake:3  | Received a gift from Okawaru
 37961 | Snake:4  | Entered Level 4 of the Snake Pit
 38306 | Snake:4  | Received a gift from Okawaru
 38310 | Snake:4  | Slain by a nagaraja

Illustrated notes

Levels and vault maps discovered:
D:1:      amcnicky_arrival_single_pillar, layout_rooms
D:2:      kb_forest_paths, layout_basic, serial_shops, shop,
          nicolae_elevator_lobby_plus
D:3:      layout_loops_ring, minitemple, minmay_surrounded
D:4:      layout_cave_pools, elyvilon_altar_3, serial_shops, shop,
          uniq_blork_the_orc, uniq_edmund
D:5:      layout_basic, minmay_temple_entry_statues_fountains,
          minmay_small_thing, uniq_sigmund, uniq_grinder, uniq_eustachio
D:6:      black_bear_nest_1, layout_rooms, amcnicky_altar_gilded,
          gup_sewer_entry_spiral, serial_shops, shop, nicolae_the_louvre,
          uniq_pikel
D:7:      hangedman_cross_stitches, layout_rooms, grunt_decor_clamped,
          minmay_fractal_squares_gapless_5
D:8:      layout_cave_pods, minmay_lair_entry_grove
D:9:      layout_irregular_city
D:10:     layout_small_grid, gammafunk_ghost_grave, kennysheep_another_room
D:11:     layout_irregular_city, uniq_grum
D:12:     layout_basic, erik_orc_3
D:13:     layout_grid_maze, erik_vaults_2, uniq_frances
D:14:     layout_basic, hangedman_decor_points
D:15:     grunt_enter_depths_snipers, layout_rooms, serial_co_window_serial,
          co_window_of_opportunity_a, co_window_corner_a,
          co_window_of_opportunity_a, co_window_of_opportunity_a,
          co_window_paths_a, co_window_corner_a, co_window_paths_a,
          co_window_paths_c, co_window_corner_b, co_window_2corner,
          co_window_cross_4, co_window_broadway_a, co_window_corner_b,
          co_window_of_opportunity_b, co_window_4corner_a, co_window_paths_d,
          glass_columns_b, glass_columns_b, glass_columns_a, glass_columns_a,
          glass_columns_a, serial_park_tiny_2
Lair:1:   layout_long_grid, basic_altar, lemuel_fruit_tree
Lair:2:   layout_loops_ring, nicolae_snake_entry_squirm, enter_volcano_2
Lair:3:   layout_chaotic_city, minmay_shoals_entry_lonely_mermaid,
          nicolae_lair_lindhole, grunt_megastairs_2, serial_bayou_shore_b
Lair:4:   layout_cellular_growth, slime_entry_1
Lair:5:   guppyfry_lair_end_dragon, layout_regular_city,
          hangedman_lair_in_review
Shoals:1: layout_shoals
Shoals:2: layout_shoals
Shoals:3: layout_shoals, ebering_ghost_reflecting_pool,
          nicolae_shoals_abyss_on_the_beach, uniq_polyphemus, uniq_donald,
          uniq_ilsuiw
Shoals:4: shoals_end_hellmonk_holy_island
Snake:1:  layout_onion_interference, hellmonk_ghost_happy_afterlife,
          st_stairs_13, nicolae_alphabet_shops
Snake:2:  layout_rooms, grunt_megastairs_3
Snake:3:  layout_cave_town
Snake:4:  snake_hunt, layout_misc_corridors, nicolae_triple_integral,
          uniq_vashnia
Orc:1:    layout_caves, basic_altar, bh_open_orc_temple
Orc:2:    grunt_orc_tribal_feast, layout_caves, serial_shops,
          nicolae_shop_tiny_statue_garden, nicolae_shop_clearance, uniq_nessos

Skill      XL: |  1  2  3  4  5  6  7  8  9 10 11 12 13 14 15 16 17 18 19 |
---------------+----------------------------------------------------------+-----
Invocations    | 1 2 3 4 5 7 8 9 10 12 13 14 15 16 17 | 17.1
Evocations     | 1 2 3 4 5 6 8 9 11 12 13 14 15 16 17 18 | 18.1
Dodging        | 3 4 5 7 8 9 10 11 13 14 15 16 17 | 17.7
Fighting       | 3 4 5 6 8 10 11 12 13 14 15 16 17 | 17.1
Ranged Weapons | 6 7 8 9 11 13 14 15 16 17 18 19 | 19.4
Stealth        | |  1.3

Action                     |  1- 3 |  4- 6 |  7- 9 | 10-12 | 13-15 | 16-18 | 19-21 || total
---------------------------+-------+-------+-------+-------+-------+-------+-------++-------
  Melee: Flail             |       |       |    20 |    22 |     5 |       |       ||    47
         Bite              |       |       |       |       |     2 |       |       ||     2
   Fire: Shortbow          |    55 |   172 |   392 |   462 |       |       |       ||  1081
         Orcbow            |       |       |       |   414 |  1195 |  1608 |   334 ||  3551
         Arbalest          |       |       |       |       |       |    21 |       ||    21
  Throw: Dart              |       |       |       |     1 |     2 |       |       ||     3
 Invoke: Heroism           |       |       |       |     1 |       |     1 |       ||     2
         Receive Armour    |       |       |       |     1 |       |       |       ||     1
         Receive Weapon    |       |       |       |       |     1 |       |       ||     1
  Evoke: Wand              |       |       |     2 |     9 |     3 |     5 |       ||    19
    Use: Scroll            |     2 |     4 |     9 |     7 |     3 |     4 |     3 ||    32
         Potion            |     2 |     2 |     7 |     3 |     3 |     6 |       ||    23
 Armour: Leather armour    |     5 |    48 |    68 |       |     5 |    58 |       ||   184
         Skin              |       |       |    34 |       |       |       |       ||    34
         Robe              |       |       |    48 |   124 |       |       |       ||   172
         Steam dragon scal |       |       |       |   121 |   183 |   202 |       ||   506
         Ring mail         |       |       |       |       |       |    89 |    89 ||   178
  Dodge: Dodged            |     2 |    95 |   226 |   757 |   883 |  1346 |   323 ||  3632
